 Dungeon Sprint DCSS version 0.30-a0-748-ge6a52f7cba (webtiles) character file.

Game seed: 7191901937834041094

4 retardedninja the Shooter (level 1, -3/13 HPs)
             Began as a Gargoyle Hunter on Feb 8, 2023.
             Shot with an arrow by a centaur (8 damage)
             ... in the Dungeon (Sprint IX: "|||||||||||||||||||||||||||||").
             The game lasted 00:00:14 (24 turns).

retardedninja the Shooter (Gargoyle Hunter)           Turns: 24, Time: 00:00:15

Health: -3/13      AC:  5    Str: 14    XL:     1   Next: 70%
Magic:  1/1        EV: 11    Int:  9    God:
Gold:   0          SH:  0    Dex: 13    Spells: 0/0 levels left

rFire   . . .      SeeInvis .    a - +0 shortbow
rCold   . . .      Faith    .    (shield currently unavailable)
rNeg    + . .      Spirit   .    c - +0 leather armour
rPois   ∞          Reflect  .    (no helmet)
rElec   +          Harm     .    (no cloak)
rCorr   .          Rampage  .    (no gloves)
Will    .....      NoTele   +    (no boots)
Stlth   +                        (no amulet)
HPRegen 0.22/turn                (no ring)
MPRegen 0.07/turn                (no ring)

@: no status effects
A: sickness immunity, AC +2, negative energy resistance 1, electricity
resistance, torment resistance 1, petrification resistance
a: no special abilities


You were in the Dungeon.
You visited 1 branch

Inventory:

Hand Weapons
 a - a +0 shortbow (weapon)
Armour
 c - a +0 leather armour (worn)
Scrolls
 i - a scroll of blinking
Potions
 d - a potion of curing
 f - a potion of haste
 g - 2 potions of magic
 h - a potion of berserk rage


   Skills:
 + Level 2.4 Fighting
 + Level 5.0 Ranged Weapons
 + Level 1.7 Dodging
 + Level 1.1 Stealth


You couldn't memorise any spells.
You didn't know any spells.
Your spell library was empty.

Dungeon Overview and Level Annotations

Branches:
Dungeon (1/1)

Altars:


Innate Abilities, Weirdness & Mutations

You are immune to sickness and miasma.
Your stone body is resilient. (AC +2)
You are immune to poison.
You resist negative energy. (rN+)
You are resistant to electric shocks. (rElec)
You are resistant to unholy torment.
You are immune to petrification.


Message History

The bat hits you but does no damage.
You shoot an arrow. The arrow hits the bat.
You kill the bat!
You shoot an arrow. The arrow hits the rat!
You kill the rat!
You shoot an arrow. The arrow barely misses the kobold.
The arrow closely misses the hobgoblin.
The arrow completely misses the ball python.
You shoot an arrow. The arrow hits the kobold.
You kill the kobold!
You shoot an arrow. The arrow closely misses the hobgoblin.
The arrow completely misses the ball python.
You shoot an arrow. The arrow hits the hobgoblin!
You kill the hobgoblin!
Your Ranged Weapons skill increases to level 5!
You shoot an arrow. The arrow hits the ball python.
You kill the ball python!
No target in view!
No target in view!
You see here a +0 club.
There is an open door to the Dungeon, spattered with blood here.
As you open the door, it creaks loudly!
A centaur, a phantom, a water moccasin, a worm and a scorpion come into view.
The centaur shouts!
The centaur wields a +0 shortbow.
The centaur shoots an arrow.
The arrow closely misses you.
The centaur shoots an arrow.
The arrow barely misses you.
The centaur shoots an arrow.
The arrow hits you!
Ouch! That really hurt!
* * * LOW HITPOINT WARNING * * *
You feel much better.
The centaur shoots an arrow.
The arrow hits you!
Ouch! That really hurt!
Read: scroll of immolation
Press: ? - help, Q - select action, (/) - cycle Dir - look around, f - activate Look: a centaur, wielding a +0 shortbow (susceptible)
As you read the scroll of immolation, it crumbles to dust.
The creatures around you are filled with an inner flame!
The centaur shoots an arrow.
The arrow hits you!
Ouch! That really hurt!
You die... ▓▓▓▓▓▓▓▓▓▓▓▓▓▓▓▓▓▓ ▓<..)'..@.cWS.ws.+ ▓▓▓▓▓▓▓▓▓▓▓▓▓▓▓▓▓▓

You could see a water moccasin (inner flame), a phantom (inner flame), a centaur (inner flame), a worm (inner flame) and a scorpion.

Vanquished Creatures
  A hobgoblin (D)
  A kobold (D)
  A ball python (D)
  A bat (D)
  A rat (D)
5 creatures vanquished.

Notes
Turn   | Place    | Note
-------+----------+-------------------------------------------
     0 | D        | retardedninja the Gargoyle Hunter began the quest for the
                  | Orb.
     0 | D        | Reached XP level 1. HP: 12/12 MP: 1/1
    12 | D        | Reached skill level 5 in Ranged Weapons
    20 | D        | Noticed a centaur
    20 | D        | Noticed a phantom
    20 | D        | Noticed a water moccasin
    20 | D        | Noticed a scorpion
    24 | D        | Shot with an arrow by a centaur

Illustrated notes

Levels and vault maps discovered:
D:        linesprint [early_d, line_temple, items_1, d_10, items_2, lair_1,
          lair_end, items_3, orc_1, orc_end, items_4, d_15, swamp_1, shoals_1,
          snake_1, spider_1, d_20, vaults_1, items_5, swamp_end, shoals_end,
          snake_end, spider_end, vaults_end, d_27, items_6, zot_1, zot_end,
          crypt_end, forest_end, elf_end, slime_end, tomb_end, abyss_end,
          pan_hell_end]

Skill      XL: |  1 |
---------------+----+-----
Ranged Weapons | 5 |  5.0
Fighting       | |  2.4
Dodging        | |  1.7
Stealth        | |  1.1

Action                     || total
---------------------------++-------
   Fire: Shortbow          ||     8
    Use: Scroll            ||     1
         Potion            ||     1
 Armour: Leather armour    ||     1
  Dodge: Dodged            ||     3

Table legend: (Time is in decaauts)
 A = Elapsed time spent in this place.
 B = Non-inter-level travel time spent in this place.
 C = Inter-level travel time spent in this place.
 D = Time resting spent in this place.
 E = Time spent auto-exploring this place.
 F = Levels seen in this place.
 G = Mean time per level.
                   A        B        C        D        E       F      G
               +--------+--------+--------+--------+--------+-----+--------+
         Total |     26 |     26 |      0 |      0 |      0 |   1 |   26.0 |
       Dungeon |     26 |     26 |      0 |      0 |      0 |   1 |   26.0 |
               +--------+--------+--------+--------+--------+-----+--------+

Top non-repeatable levels by time:
       D: 26 daAuts
